 Dungeon Crawl Stone Soup version 0.23-a0-639-ga9a3373 (webtiles) character file.

137083 TheGoonsmith the Peltast (level 17, -6/90 HPs)
             Began as a Vine Stalker Abyssal Knight on Dec 29, 2018.
             Was the Champion of Lugonu.
             Mangled by a guardian serpent (8 damage)
             ... on level 4 of the Snake Pit.
             The game lasted 01:01:51 (22927 turns).

TheGoonsmith the Peltast (VSAK)                    Turns: 22927, Time: 01:01:51

Health: -6/90      AC: 29    Str: 21    XL:     17   Next: 23%
Magic:  0/26       EV: 11    Int: 12    God:    Lugonu [******]
Gold:   1435       SH: 16    Dex: 15    Spells: 12/19 levels left

rFire    + . .     SeeInvis .   e - +9 rapier (distort)
rCold    + . .     Gourm    .   z - +2 shield of Resistance {rF+ rC+ MR+}
rNeg     . . .     Faith    .   b - +4 plate armour {rPois}
rPois    +         Spirit   +   o - +0 helmet
rElec    .         Reflect  .   W - +2 cloak
rCorr    .         Harm     .   D - +2 pair of gloves
MR       +++..                  l - +2 pair of boots
Stlth    ..........             d - amulet of regeneration
HPRegen  1.05/turn              w - +4 ring of slaying
MPRegen  0.20/turn              s - +3 ring of slaying

@: lethally poisoned (-6 -> -7)
A: fangs 3, regeneration 2, magic shield, antimagic bite, no potion heal 3, rot
immunity
a: Depart the Abyss, Bend Space, Banish, Corrupt, Enter the Abyss, Renounce
Religion


You were on level 4 of the Snake Pit.
You worshipped Lugonu.
Lugonu was exalted by your worship.
You were not hungry.

You visited 4 branches of the dungeon, and saw 27 of its levels.
You visited the Abyss 1 time.
You also visited: Bailey, Gauntlet and Ice Cave.

You collected 3138 gold pieces.
You spent 1703 gold pieces at shops.

Inventory:

Hand Weapons
 e - a +9 rapier of distortion (weapon)
Armour
 b - a +4 plate armour of poison resistance (worn)
 j - the +0 pair of boots of Prudence {Int+7 Dex-4}
   (You found it on level 13 of the Dungeon)

   It affects your intelligence (+7).
   It affects your dexterity (-4).
 l - a +2 pair of boots (worn)
 o - a +0 helmet (worn)
 z - the +2 shield of Resistance (worn) {rF+ rC+ MR+}
   (You found it on level 7 of the Dungeon)

   It protects you from fire.
   It protects you from cold.
   It affects your resistance to hostile enchantments.
 D - a +2 pair of gloves (worn)
 K - a +2 plate armour of fire resistance
 W - a +2 cloak (worn)
Jewellery
 d - an amulet of regeneration (around neck)
 f - an uncursed ring of protection from cold
 m - an uncursed ring of resist corrosion
 r - a +3 amulet of reflection
 s - a +3 ring of slaying (right hand)
 t - the ring of Due Proportion {MR+ Dex+3}
   (You found it on level 15 of the Dungeon)

   [ring of dexterity]

   It affects your dexterity (+3).
   It affects your resistance to hostile enchantments.
 w - a +4 ring of slaying (left hand)
 F - an uncursed ring of protection from fire
 T - an uncursed amulet of rage
Wands
 a - a wand of iceblast (24)
 n - a wand of random effects (43)
 q - a wand of flame (20)
 x - a wand of acid (27)
 y - a wand of clouds (4)
 M - a wand of polymorph (19)
 P - a wand of enslavement (22)
 V - a wand of scattershot (5)
 X - a wand of paralysis (10)
Scrolls
 h - 6 scrolls of teleportation
 i - 7 scrolls of remove curse
 I - 3 scrolls of fog
 J - 2 scrolls of identify
 N - 6 scrolls of enchant weapon
 Q - 3 scrolls of amnesia
 Y - a scroll of blinking
Potions
 g - 3 potions of lignification
 k - 10 potions of curing
 p - 5 potions of ambrosia
 u - 3 potions of mutation
 v - 9 potions of haste
 A - 4 potions of might
 B - 5 potions of flight
 C - a potion of magic {unknown}
 E - 4 potions of berserk rage
 G - 2 potions of experience {unknown}
 H - 4 potions of agility
 L - 3 potions of cancellation
 R - a potion of brilliance {unknown}
Comestibles
 c - 38 rations


   Skills:
 + Level 10.4 Fighting
 - Level 14.0 Short Blades
 + Level 8.4 Armour
 + Level 8.4 Dodging
 - Level 15.0 Shields
 - Level 1.6 Spellcasting
 - Level 2.8 Fire Magic
 + Level 11.4 Invocations


You had 12 spell levels left.
You knew the following spells:

 Your Spells              Type           Power        Failure   Level  Hunger
a - Fireball              Conj/Fire      #.........   100%        5    ######.
b - Blink                 Tloc           N/A          100%        2    ###....

Your spell library contained the following spells:

 Spells                   Type           Power        Failure   Level  Hunger
 Beastly Appendage        Tmut           #.....       99%         1    ##.....
 Confusing Touch          Hex            #.....       99%         1    ##.....
 Infusion                 Chrm           #...         99%         1    ##.....
 Sandblast                Erth           #.....       99%         1    ##.....
 Sting                    Conj/Pois      #...         99%         1    ##.....
 Passwall                 Tmut/Erth      #.......     100%        2    ###....
 Poisonous Vapours        Pois/Air       #.....       100%        2    ###....
 Shroud of Golubria       Chrm/Tloc      #.........   100%        2    ###....
 Song of Slaying          Chrm           #.......     100%        2    ###....
 Sticks to Snakes         Tmut           #.......     100%        2    ###....
 Confuse                  Hex            #.......     100%        3    ####...
 Gell's Gravitas          Tloc           #.........   100%        3    ####...
 Ignite Poison            Fire/Tmut/Pois #.......     100%        3    ####...
 Lesser Beckoning         Tloc           #.........   100%        3    ####...
 Recall                   Summ/Tloc      N/A          100%        3    ####...
 Regeneration             Chrm/Necr      #.........   100%        3    ####...
 Spectral Weapon          Hex/Chrm       #.......     100%        3    ####...
 Spider Form              Tmut/Pois      #.........   100%        3    ####...
 Stone Arrow              Conj/Erth      #.....       100%        3    ####...
 Teleport Other           Tloc           #.......     100%        3    ####...
 Animate Dead             Necr           N/A          100%        4    #####..
 Ice Form                 Ice/Tmut       #.......     100%        4    #####..
 Passage of Golubria      Tloc           N/A          100%        4    #####..
 Petrify                  Tmut/Erth      #.......     100%        4    #####..
 Blade Hands              Tmut           #.........   100%        5    ######.
 Bolt of Magma            Conj/Fire/Erth #.........   100%        5    ######.
 Borgnjor's Vile Clutch   Necr/Erth      #.........   100%        5    ######.
 Irradiate                Conj/Tmut      #.........   100%        5    ######.
 Iskenderun's Battlesphe  Conj/Chrm      #.......     100%        5    ######.
 Lee's Rapid Deconstruct  Erth           #.........   100%        5    ######.
 Metabolic Englaciation   Hex/Ice        #.........   100%        5    ######.
 Venom Bolt               Conj/Pois      #.........   100%        5    ######.
 Yara's Violent Unravell  Hex/Tmut       #.........   100%        5    ######.
 Bolt of Fire             Conj/Fire      #.........   100%        6    #######
 Death Channel            Necr           #.........   100%        6    #######
 Hydra Form               Tmut           #.........   100%        6    #######
 Iron Shot                Conj/Erth      #.........   100%        6    #######
 Simulacrum               Ice/Necr       #.........   100%        6    #######
 Statue Form              Tmut/Erth      #........    100%        6    #######
 Dragon Form              Tmut           #.........   100%        7    #######
 Orb of Destruction       Conj           #.........   100%        7    #######
 Ring of Flames           Chrm/Fire      #.........   100%        7    #######
 Spellforged Servitor     Conj/Summ      #.........   100%        7    #######
 Ignition                 Fire           #.........   100%        8    #######


Dungeon Overview and Level Annotations

Branches:
Dungeon (15/15)            Temple (0/1) D:6            Lair (6/6) D:9
 Shoals (0/4) Lair:2        Snake (4/4) Lair:2        Slime (0/5) Lair:5
    Orc (2/2) D:11            Elf (0/3) Orc:2        Vaults (0/5) D:13
 Depths (0/5) D:15

Altars:
Ashenzari
Cheibriados
Elyvilon
Fedhas
Kikubaaqudgha
Makhleb
Qazlal
Ru
Sif Muna
Trog
Xom
Yredelemnul
Zin
The Shining One
Beogh

Shops:
D:7 }   D:15 [   Orc:2 *:%[[   Snake:3 :

Annotations:
Lair:5 exclusion: 2 oklob plants
Lair:6 3 runed doors, TheGoonsmith's ghost, journeyman DsGl
Snake:1 exclusion: oklob plant, Frances
Snake:2 Vashnia
Snake:3 3 runed doors, Kuer's ghost, adept MiFi
Snake:4 Nikola
Abyss:1 Azrael; Kirke


Innate Abilities, Weirdness & Mutations

You have razor-sharp teeth.
You heal very quickly.
When hurt, damage is shared between your health and your magic reserves.
Your bite disrupts and absorbs the magic of your enemies.
Potions cannot restore your health.
You are immune to rotting.


Message History

2 arrows; a +3 halberd; a salamander corpse You feel sick.
The guardian serpent casts a spell at you.
The bolt of poison hits you! You resist.
* * * LOW HITPOINT WARNING * * *
The nagaraja misses you. The nagaraja barely misses you.
The naga sharpshooter spits poison at you.
The splash of poison hits you! You resist.
You see here a bolt.
Okay, then.
Okay, then.
Okay, then.
You feel sick.
The naga sharpshooter shoots an arrow.
You block the arrow.
There is a stone staircase leading up here.
You feel sick.
You block the guardian serpent's attack.
The naga sharpshooter gestures wildly while chanting.
The naga sharpshooter magically shoots an arrow.
You block the arrow. The guardian serpent hits you!
You die...

#########
...#.......##
..........@.# ###
.........SNS######'#
.........)(.N...#..#
#....[....N(#......#
#........(.#......#
#......((.'......#
##.....(.)########
##.....).........
##......#######.


You could see a nagaraja, 2 naga sharpshooters and 2 guardian serpents.

Vanquished Creatures
  2 nagarajas
  3 naga warriors
  A catoblepas (Lair:6)
  6 hydras
  2 ice dragons (IceCv)
  An ogre mage (Orc:2)
  3 anacondas
  8 two-headed ogres
  2 centaur warriors
  A death knight (D:7)
  A deep troll shaman (Lair:6)
  6 death yaks (Lair:6)
  A tengu warrior (D:13)
  3 shock serpents
  8 naga sharpshooters
  The ghost of everene the Chiller, a novice DrIE of Vehumet (D:9)
  2 salamander mystics
  A glowing orange brain (D:15)
  3 unseen horrors
  5 naga ritualists
  2 deep trolls (Orc:2)
  3 orc knights
  A mana viper (shapeshifter) (D:15)
  3 mana vipers
  An orc sorcerer (Orc:1)
  A deep elf mage (D:15)
  5 ugly things
  11 salamanders
  A cyclops (shapeshifter) (D:13)
  A manticore (D:12)
  4 cyclopes
  18 elephants
  3 guardian serpents
  24 black mambas
  3 centaur zombies
  2 torpor snails
  5 naga magi
  2 ice statues (IceCv)
  9 spiny frogs
  2 spiny frogs (shapeshifter)
  An efreet (D:14)
  A komodo dragon (shapeshifter) (Gauntlet)
  2 rime drakes (IceCv)
  7 komodo dragons
  2 freezing wraiths (D:14)
  A queen bee (Gauntlet)
  2 tengu conjurers
  A queen bee (shapeshifter) (D:15)
  A jumping spider (shapeshifter) (D:15)
  12 trolls
  4 tyrant leeches (D:12)
  A polar bear (Lair:6)
  3 blink frogs (Lair:3)
  12 hippogriffs
  6 slime creatures
  3 shadows
  A vampire (D:13)
  64 yaks
  6 wyverns
  7 wraiths
  2 basilisks
  4 fire elementals
  2 hungry ghosts
  Eustachio (D:4)
  A yak (shapeshifter) (D:13)
  A golden eye (shapeshifter) (Gauntlet)
  7 hogs (D:13)
  6 vampire mosquitoes
  A neqoxec (Gauntlet)
  A soldier ant (shapeshifter) (D:15)
  23 nagas
  A swamp worm (D:12)
  A soldier ant (D:10)
  10 water moccasins
  3 porcupines
  An acid dragon (D:7)
  Edmund (D:4)
  15 ice beasts
  3 hell hounds
  26 orc warriors
  A black bear (D:7)
  A necrophage (D:5)
  7 sky beasts
  28 ogres
  A phantom (D:14)
  8 centaurs
  18 wolves
  A small abomination (Gauntlet)
  7 crocodiles
  3 big kobolds
  2 elf zombies (D:14)
  17 bullfrogs
  A gnoll sergeant (D:11)
  A wyvern zombie (D:14)
  4 scorpions
  5 killer bees (Gauntlet)
  8 wights
  An electric eel (D:10)
  3 bullfrog zombies
  7 crimson imps
  4 bullfrog skeletons
  9 jellies
  7 hounds
  5 human zombies (D:14)
  Crazy Yiuf (D:4)
  20 orc priests
  2 human skeletons (D:14)
  9 centaur skeletons
  3 iguanas
  21 orc wizards
  14 worker ants
  2 hound skeletons
  2 worker ant zombies
  Robin (D:4)
  10 gnolls
  10 adders
  6 shadow imps
  5 oozes (D:11)
  5 adder skeletons
  5 worms
  4 dart slugs
  5 leopard geckos
  116 orcs
  6 bats
  6 giant cockroaches
  17 goblins
  28 hobgoblins
  11 jackals
  18 kobolds
  2 quokkas
  3 ball pythons
  4 frilled lizards
  A jackal skeleton (D:6)
  A jackal zombie (D:9)
  3 leopard gecko skeletons
  A quokka skeleton (D:4)
  4 rats
  A spectral orc (D:6)
904 creatures vanquished.

Vanquished Creatures (others)
  An orc warlord (Bailey)
  Nessos (Lair:5)
  A slime creature (D:14)
  2 anacondas (Snake:1)
  2 hydras (Lair:6)
  A naga warrior (Snake:3)
  2 death yaks (Lair:6)
  A tengu warrior (D:15)
  An ogre mage (Orc:2)
  2 two-headed ogres (Orc:2)
  2 naga sharpshooters
  A shock serpent (Snake:2)
  An orc knight (D:13)
  2 salamanders (Snake:1)
  2 black mambas
  A guardian serpent (Snake:4)
  4 elephants (Lair:5)
  A troll (Orc:2)
  A tyrant leech (D:12)
  A polar bear (Lair:6)
  A blink frog (Lair:3)
  A hippogriff (D:11)
  4 yaks
  A basilisk (D:14)
  A vampire mosquito (D:15)
  A naga (Snake:4)
  A swamp worm (D:12)
  A water moccasin (Lair:5)
  2 orc warriors (Bailey)
  An ice beast (IceCv)
  3 ogres
  A crocodile (shapeshifter) (Gauntlet)
  A gnoll sergeant (D:11)
  A wight (D:11)
  A bullfrog zombie (D:11)
  A human zombie (D:14)
  An orc wizard (Orc:1)
  A hobgoblin (Bailey)
  A bush (Lair:5)
  9 fungi
  10 plants
74 creatures vanquished.

Grand Total: 978 creatures vanquished

Notes
Turn   | Place    | Note
-------+----------+-------------------------------------------
     0 | Abyss:1  | TheGoonsmith the Vine Stalker Abyssal Knight began the
                  | quest for the Orb.
     0 | Abyss:1  | Reached XP level 1. HP: 11/11 MP: 3/3
   106 | Abyss:1  | Noticed a quasit
   110 | D:1      | Escaped the Abyss
   219 | D:1      | Reached * piety under Lugonu
   346 | D:1      | Reached XP level 2. HP: 16/16 MP: 4/4
   744 | D:1      | Reached XP level 3. HP: 19/20 MP: 3/5
  1274 | D:2      | Gained mutation: Your natural rate of healing is unusually
                  | fast. [Vine Stalker growth]
  1274 | D:2      | Reached XP level 4. HP: 16/24 MP: 6/6
  1497 | D:2      | Reached ** piety under Lugonu
  1575 | D:2      | Found a sacrificial altar of Ru.
  2098 | D:3      | HP: 1/24 [bat (1)]
  2270 | D:3      | Reached XP level 5. HP: 28/28 MP: 7/7
  2550 | D:3      | Found a blossoming altar of Fedhas.
  2615 | D:4      | Noticed Eustachio
  2650 | D:4      | Killed Eustachio
  2650 | D:4      | Reached skill level 5 in Short Blades
  2650 | D:4      | Reached XP level 6. HP: 22/32 MP: 8/8
  2735 | D:4      | Reached skill level 1 in Dodging
  2895 | D:4      | Noticed Robin
  2916 | D:4      | Killed Robin
  3012 | D:4      | Reached XP level 7. HP: 36/36 MP: 9/9
  3052 | D:4      | Noticed Edmund
  3066 | D:4      | Killed Edmund
  3127 | D:4      | Reached *** piety under Lugonu
  3193 | D:4      | Found a shattered altar of Ashenzari.
  3565 | D:4      | Found a runed door.
  3569 | D:4      | Noticed Crazy Yiuf
  3574 | D:4      | Killed Crazy Yiuf
  3629 | D:5      | Entered Level 5 of the Dungeon
  3639 | D:5      | Gained mutation: You have razor-sharp teeth. [Vine Stalker
                  | growth]
  3639 | D:5      | Reached XP level 8. HP: 40/40 MP: 10/10
  3894 | D:5      | Reached skill level 5 in Invocations
  3933 | D:5      | Reached **** piety under Lugonu
  3935 | D:5      | Reached XP level 9. HP: 42/44 MP: 11/13
  4168 | D:6      | Found a staircase to the Ecumenical Temple.
  4277 | D:6      | Found a basalt altar of Yredelemnul.
  4857 | D:7      | Found the +2 shield of Resistance {rF+ rC+ MR+}
  4894 | D:6      | Found a deep blue altar of Sif Muna.
  4924 | D:7      | Found Qiviv's Gadget Shop.
  5083 | D:7      | Found a glowing golden altar of the Shining One.
  5087 | D:7      | Found a stormy altar of Qazlal.
  5087 | D:7      | Found a burning altar of Makhleb.
  5100 | D:7      | Found a snail-covered altar of Cheibriados.
  5104 | D:7      | Found a bloodstained altar of Trog.
  5241 | D:7      | Noticed a death knight
  5243 | D:7      | Noticed a brown ugly thing
  5260 | D:6      | Killed a brown ugly thing
  5260 | D:6      | Reached skill level 1 in Shields
  5478 | D:7      | Killed a death knight
  5478 | D:7      | Reached skill level 2 in Shields
  5478 | D:7      | Reached XP level 10. HP: 20/49 MP: 9/15
  5550 | D:7      | Reached skill level 10 in Short Blades
  5706 | D:8      | Reached ***** piety under Lugonu
  5933 | D:8      | Noticed a two-headed ogre
  5939 | D:8      | Killed a two-headed ogre
  5939 | D:8      | Reached skill level 3 in Shields
  6359 | D:9      | Found a staircase to the Lair.
  6413 | D:9      | Noticed everene's ghost (novice DrIE)
  6416 | D:9      | Found a runed door.
  6444 | D:9      | Reached XP level 11. HP: 54/54 MP: 15/17
  6449 | D:9      | Reached skill level 5 in Fighting
  6591 | D:9      | Got a steaming ring mail
  6633 | D:9      | Found a shimmering altar of Xom.
  6672 | D:9      | Reached skill level 4 in Shields
  6799 | D:9      | Found a white marble altar of Elyvilon.
  6945 | D:10     | Entered Level 10 of the Dungeon
  7089 | D:10     | Reached skill level 5 in Armour
  7260 | D:10     | Reached skill level 5 in Dodging
  7756 | Lair:1   | Entered Level 1 of the Lair of Beasts
  7922 | Lair:1   | Identified the cursed +0 ring mail "Gaciz" {+Inv Int+6}
                  | (You found it on level 9 of the Dungeon)
  8367 | Lair:2   | Reached skill level 5 in Shields
  8722 | Lair:2   | Found a staircase to the Snake Pit.
  8730 | Lair:2   | Reached ****** piety under Lugonu
  8730 | Lair:2   | Reached skill level 6 in Shields
  8732 | Lair:2   | Gained mutation: You heal very quickly. [Vine Stalker
                  | growth]
  8732 | Lair:2   | Reached XP level 12. HP: 52/61 MP: 19/19
  8805 | Lair:2   | Found a staircase to the Shoals.
  9160 | Lair:3   | Identified a +8 rapier of distortion (a +6 rapier of
                  | freezing corrupted by Lugonu)
  9160 | Lair:3   | Received a gift from Lugonu
  9196 | Lair:3   | Reached skill level 7 in Shields
  9883 | Lair:4   | Noticed a four-headed hydra
  9890 | Lair:4   | Killed a four-headed hydra
  9948 | Lair:4   | Noticed a seven-headed hydra
  9953 | Lair:4   | Killed a seven-headed hydra
  9968 | Lair:4   | Reached skill level 8 in Shields
 10167 | Lair:4   | Reached skill level 9 in Shields
 10207 | Lair:4   | Reached XP level 13. HP: 65/65 MP: 20/20
 10642 | Lair:5   | Noticed Nessos
 10662 | Lair:5   | Killed Nessos
 10671 | Lair:5   | Found a gate leading to a gauntlet.
 10680 | Gauntlet | Entered a Gauntlet
 10680 | Gauntlet | Found a transporter.
 10680 | Gauntlet | Found a transporter.
 10714 | Gauntlet | Found a transporter.
 10714 | Gauntlet | Found a transporter.
 10750 | Gauntlet | Found a transporter.
 10758 | Gauntlet | Found a transporter.
 10777 | Gauntlet | Paralysed by a hornet for 3 turns
 10803 | Gauntlet | Found a transporter.
 10825 | Gauntlet | Got a coiled marble ring
 10844 | Gauntlet | Identified the ring "Tihoacui" {rPois Slay+3 Stlth-}
 10844 | Gauntlet | Noticed a minotaur
 11006 | Lair:5   | Reached skill level 10 in Shields
 11207 | Lair:5   | Identified the ring "Duovidet" {Ice Dex+3} (You found it in
                  | a Gauntlet)
 11257 | Lair:5   | Found a staircase to the Slime Pits.
 11845 | Lair:6   | Entered Level 6 of the Lair of Beasts
 11866 | Lair:6   | Found a frozen archway.
 11891 | IceCv    | Entered an ice cave
 11929 | IceCv    | Reached skill level 11 in Shields
 12100 | IceCv    | Noticed an ice dragon
 12106 | IceCv    | Noticed an ice dragon
 12114 | IceCv    | Killed an ice dragon
 12120 | IceCv    | Killed an ice dragon
 12271 | Lair:6   | Found a runed gate.
 12271 | Lair:6   | Found a runed gate.
 12272 | Lair:6   | Found a runed gate.
 12276 | Lair:6   | Noticed TheGoonsmith's ghost (journeyman DsGl)
 12304 | Lair:6   | Noticed a dire elephant
 12308 | Lair:6   | Reached XP level 14. HP: 70/70 MP: 21/21
 12515 | Lair:6   | Reached skill level 12 in Shields
 12835 | Lair:6   | Reached skill level 13 in Shields
 13430 | D:9      | Killed everene's ghost
 13609 | D:11     | Reached skill level 14 in Shields
 13641 | D:11     | Learned a level 2 spell: Blink
 13705 | D:11     | Found a staircase to the Orcish Mines.
 14078 | Orc:1    | Entered Level 1 of the Orcish Mines
 14080 | Orc:1    | Paralysed by an orc sorcerer for 6 turns
 14132 | Orc:1    | Found a flagged portal.
 14396 | Bailey   | Entered a bailey
 14703 | Bailey   | Noticed an orc warlord
 14748 | Bailey   | Banished an orc warlord
 14818 | Bailey   | Identified the Compendium of Envenoming
 15124 | Orc:2    | Entered Level 2 of the Orcish Mines
 15124 | Orc:2    | Found Vusmu's Antique Armour Boutique.
 15140 | Orc:2    | Noticed Azrael
 15196 | Orc:2    | Banished Azrael
 15196 | Orc:2    | Reached XP level 15. HP: 70/73 MP: 17/22
 15251 | Orc:2    | Bought a smoking chain mail for 218 gold pieces
 15251 | Orc:2    | Identified the +8 chain mail of Wariness {SInv} (You bought
                  | it in a shop on level 2 of the Orcish Mines)
 15318 | Orc:2    | Reached skill level 15 in Shields
 15352 | Orc:2    | Found a staircase to the Elven Halls.
 15547 | Orc:2    | Found Nooffad's Book Shop.
 15547 | Orc:2    | Found Zihuxe's Antique Armour Boutique.
 15677 | Orc:2    | Found Xaestruf's General Store.
 15692 | Orc:2    | Found Tyiviq's Food Shop.
 15696 | Orc:2    | Bought a scroll of identify for 30 gold pieces
 15747 | Orc:2    | Bought a pair of gloves for 103 gold pieces
 15898 | Orc:1    | Found a roughly hewn altar of Beogh.
 16017 | Orc:2    | Bought a shiny plate armour for 598 gold pieces
 16045 | Orc:2    | Bought a shiny plate armour for 754 gold pieces
 16353 | D:12     | Got a steaming chain mail
 16354 | D:12     | Identified the cursed +1 chain mail "Yxyf" {rF+} (You found
                  | it on level 12 of the Dungeon)
 17058 | D:13     | Found a glowing silver altar of Zin.
 17066 | D:13     | Got a slimy bone ring
 17403 | D:13     | Noticed Kirke
 17480 | D:13     | Banished Kirke
 17493 | D:13     | Found a gate to the Vaults.
 17499 | D:13     | Noticed a frost giant
 17503 | D:13     | Noticed a sphinx
 17503 | D:13     | a frost giant changed into a sphinx
 17521 | D:13     | Found a roughly hewn altar of Beogh.
 17785 | D:13     | Got a pair of heavily runed boots
 17803 | D:13     | Identified the +0 pair of boots of Prudence {Int+7 Dex-4}
                  | (You found it on level 13 of the Dungeon)
 17814 | D:13     | Identified the ring of Keofiopt {+Fly EV+1 Str+3} (You
                  | found it on level 13 of the Dungeon)
 18155 | D:14     | Reached XP level 16. HP: 69/81 MP: 24/24
 18509 | D:13     | Learned a level 5 spell: Fireball
 18616 | D:14     | Found a basalt altar of Yredelemnul.
 18804 | D:15     | Entered Level 15 of the Dungeon
 18849 | D:15     | Reached skill level 1 in Fire Magic
 19048 | D:15     | Reached skill level 1 in Spellcasting
 19072 | D:15     | Reached skill level 10 in Invocations
 19095 | D:15     | Found a staircase to the Depths.
 19352 | D:15     | Found Abbengoh's Armour Boutique.
 19430 | D:15     | Got a wavering pewter ring
 19726 | Snake:1  | Entered Level 1 of the Snake Pit
 19788 | Snake:1  | Found an ancient bone altar of Kikubaaqudgha.
 19921 | Snake:1  | Identified the ring of Due Proportion {MR+ Dex+3} (You
                  | found it on level 15 of the Dungeon)
 20617 | Snake:1  | Noticed Frances
 20640 | Snake:1  | You fall through a shaft!
 20647 | Snake:2  | Got a pitted glass ring
 20649 | Snake:2  | Identified the ring "Gurevoc" {+Fly rC+ Str+4 Int-5} (You
                  | found it on level 2 of the Snake Pit)
 21629 | Snake:2  | Noticed Vashnia
 22053 | Snake:3  | Found a runed gate.
 22059 | Snake:3  | Found a runed gate.
 22061 | Snake:3  | Found a runed gate.
 22179 | Snake:3  | Found Togh's Book Shoppe.
 22197 | Snake:3  | Reached skill level 10 in Fighting
 22355 | Snake:3  | Reached XP level 17. HP: 88/89 MP: 26/26
 22609 | Snake:3  | Noticed Kuer's ghost (adept MiFi)
 22731 | Snake:4  | Entered Level 4 of the Snake Pit
 22784 | Snake:4  | Noticed Nikola
 22924 | Snake:4  | HP: 4/90 [naga sharpshooter/arrow (11)]
 22925 | Snake:4  | HP: 1/90 [guardian serpent/bolt of poison (3)]
 22927 | Snake:4  | Mangled by a guardian serpent

Vault maps used:
D:1:      minmay_arrival_stone_box, hangedman_decor_growths,
          hangedman_decor_clover_reticule
D:2:      overflow_temple_1_default, kennysheep_generic_room_10
D:3:      fedhas_altar_4, first_ration
D:4:      ashenzari_conservatory_becter, uniq_eustachio, uniq_edmund,
          uniq_crazy_yiuf_cottage, uniq_robin
D:5:      minmay_manual_mess
D:6:      yredelemnul_forgotten_temple_becter, nicolae_overflow_hidden_temple,
          minmay_temple_entry_waves
D:7:      minmay_blocky_corners, minmay_overflow_temple_star_hex, serial_shops,
          shop
D:9:      grunt_temple_overflow_open, lair_entry_dummy,
          hellmonk_ghost_happy_afterlife
D:10:     kennysheep_dice
D:11:     kennysheep_orc_monster_closet_entryway, hangedman_little_slice_of_home
D:12:     spider_trap, worms_lemuel
D:13:     david_vaults_2, basic_altar, spider_trap, uniq_kirke
D:14:     lemuel_mausoleum_altar_yredelemnul, lemuel_flamethrower_3
D:15:     gammafunk_enter_depths_forms, serial_shops, shop
Lair:2:   minmay_shoals_entry_centaurs, minmay_snake_entry_guardpost_large
Lair:3:   beast_lair_carwin_4
Lair:4:   grunt_megastairs_1
Lair:5:   minmay_slime_entry_oklob_open, gauntlet_entry_generic, uniq_nessos,
          uniq_josephine
Lair:6:   grunt_lair_end_beastmaster, portal_ice_cave_entry_pillars_2,
          gammafunk_ghost_split
Snake:1:  st_stairs_3, lemuel_oklob_altar, uniq_frances
Snake:2:  uniq_vashnia
Snake:3:  serial_shops, shop, ebering_ghost_rock_garden, stair_cage_line,
          st_stairs_3, spider_trap
Snake:4:  johnstein_snake_rune_scales, hangedman_snake_pattern, st_stairs_11,
          spider_trap, serial_bayou_pond_b, corexii_hall_statues_s, uniq_nikola
Orc:1:    enter_bailey_8, basic_altar
Orc:2:    st_orc_open, serial_shops, shop, uniq_azrael
Abyss:1:  evilmike_abyss_exit_vortex
Bailey:   bailey_axe_minmay_hex_keep, bailey
IceCv:    ice_cave_small_dragons
Gauntlet: gammafunk_gauntlet_hard_choice

Skill      XL: |  1  2  3  4  5  6  7  8  9 10 11 12 13 14 15 16 |
---------------+-------------------------------------------------+-----
Short Blades   | 2 3 4 5 6 8 9 10 11 12 14 | 14.0
Fighting       | 3 4 6 7 10 | 10.4
Dodging        | 1 3 4 5 6 8 |  8.4
Armour         | 2 3 4 5 6 8 |  8.4
Invocations    | 2 5 6 8 9 11 | 11.4
Shields        | 2 3 6 9 11 14 15 | 15.0
Fire Magic     | 2 |  2.8
Spellcasting   | 1 |  1.6

Action                   |  1- 3 |  4- 6 |  7- 9 | 10-12 | 13-15 | 16-18 || total
-------------------------+-------+-------+-------+-------+-------+-------++-------
Melee: Short sword       |    91 |   143 |       |       |       |       ||   234
       Bite              |    28 |    51 |    66 |   163 |   473 |   209 ||   990
       Rapier            |       |    31 |   253 |   457 |  1340 |   549 ||  2630
       Unarmed           |       |       |       |       |     2 |       ||     2
Invok: Depart the Abyss  |     1 |       |       |       |       |       ||     1
       Bend Space        |       |       |       |     1 |     3 |       ||     4
       Brand Weapon With |       |       |       |     1 |       |       ||     1
       Banish            |       |       |       |       |     3 |     2 ||     5
  Use: Scroll            |       |     5 |     5 |    12 |    14 |     9 ||    45
       Potion            |       |     2 |       |       |       |       ||     2
 Stab: Distracted        |       |       |       |       |     1 |       ||     1
       Petrifying        |       |       |       |       |     1 |       ||     1
  Eat: Chunk             |     1 |     6 |     5 |    15 |    26 |     7 ||    60
       Ration            |       |       |     1 |     1 |       |     3 ||     5
Armor: Leather armour    |     2 |       |       |       |       |       ||     2
       Scale mail        |    35 |    84 |    75 |   103 |   122 |       ||   419
       Plate armour      |       |       |       |       |   111 |   149 ||   260
       Chain mail        |       |       |       |       |    33 |       ||    33
Dodge: Dodged            |    39 |    89 |    79 |   121 |   264 |    94 ||   686
Block: Shield            |       |       |    17 |   237 |   624 |   301 ||  1179
       Reflection        |       |       |       |     8 |     4 |    37 ||    49

Table legend:
 A = Non-vault XP
 B = Vault XP
 C = Vault XP percentage of total XP
 D = Non-vault monster count
 E = Vault monster count
 F = Vault count percentage of total count
                 A         B        C        D         E       F
            +---------+---------+-------+---------+---------+-------
      Total |  126777 |   69057 |  35.3 |     643 |     321 |  33.3
            +---------+---------+-------+---------+---------+-------
        D:1 |      46 |       0 |   0.0 |      25 |       0 |   0.0
        D:2 |      57 |       2 |   3.4 |      15 |       1 |   6.2
        D:3 |     190 |       0 |   0.0 |      19 |       0 |   0.0
        D:4 |     477 |     405 |  45.9 |      29 |      10 |  25.6
        D:5 |    1145 |     119 |   9.4 |      32 |       5 |  13.5
        D:6 |     597 |     615 |  50.7 |      23 |       3 |  11.5
        D:7 |     568 |    1283 |  69.3 |       7 |       4 |  36.4
        D:8 |    2409 |       0 |   0.0 |      18 |       0 |   0.0
        D:9 |    2279 |     775 |  25.4 |      25 |       1 |   3.8
       D:10 |    2096 |     148 |   6.6 |      22 |       3 |  12.0
       D:11 |    4715 |    1853 |  28.2 |      37 |      29 |  43.9
       D:12 |    3736 |    2212 |  37.2 |      24 |       9 |  27.3
       D:13 |    9469 |    4463 |  32.0 |      45 |      34 |  43.0
       D:14 |    6885 |     743 |   9.7 |      22 |      12 |  35.3
       D:15 |    6496 |    4172 |  39.1 |      24 |      10 |  29.4
     Lair:1 |    1788 |       0 |   0.0 |       7 |       0 |   0.0
     Lair:2 |    4907 |     492 |   9.1 |      24 |       3 |  11.1
     Lair:3 |    3536 |    1030 |  22.6 |      13 |       6 |  31.6
     Lair:4 |    7649 |    1366 |  15.2 |      24 |       5 |  17.2
     Lair:5 |   10224 |    2009 |  16.4 |      30 |       5 |  14.3
     Lair:6 |   12633 |    7397 |  36.9 |      36 |      15 |  29.4
    Snake:1 |   14151 |    1575 |  10.0 |      30 |       2 |   6.2
    Snake:2 |   13459 |    3323 |  19.8 |      29 |       4 |  12.1
    Snake:3 |    8732 |    1457 |  14.3 |      14 |       3 |  17.6
    Snake:4 |    4025 |    6375 |  61.3 |       6 |      12 |  66.7
      Orc:1 |    1809 |     491 |  21.3 |      25 |       3 |  10.7
      Orc:2 |    2699 |   15789 |  85.4 |      38 |      42 |  52.5
     Bailey |       0 |    4044 | 100.0 |       0 |      69 | 100.0
      IceCv |       0 |    5366 | 100.0 |       0 |      20 | 100.0
   Gauntlet |       0 |    1553 | 100.0 |       0 |      11 | 100.0
            +---------+---------+-------+---------+---------+-------
